EL
PENSACOLA BLUE WAHOOS @ TENNESSEE SMOKIES
04/21/2045
 
TOP OF THE 1ST
Pensacola Blue Wahoos batting - Pitching for Tennessee Smokies : RHP Rashid bin Ala'
Pitching: RHP Rashid bin Ala'
Batting: RHB Jon Marquez 0-0: Called Strike
0-1: Ball
1-1: Foul Ball, location: 2F
1-2: DOUBLE (Flyball, 89XD, EV 102.5 MPH)
Batting: RHB Danny Real 0-0: Ground out 5-3 (Groundball, 56, EV 87.5 MPH)
Batting: RHB Solange Le Coq 0-0: Ball
1-0: Ground out 1-3 (Groundball, 13S, EV 70.0 MPH)
Jon Marquez to third
Batting: LHB Steven Wamble 0-0: Ball
1-0: Ball
2-0: Ball
3-0: Foul Ball, location: 2F
3-1: SINGLE (Groundball, 56D, EV 104.4 MPH)
Jon Marquez scores
Batting: RHB Jamie Ingram 0-0: Foul Ball, location: 2F
0-1: Fielders Choice at 2nd, 5-4 (Groundball, 56, EV 106.9 MPH)
Top of the 1st over - 1 run, 2 hits, 0 errors, 1 left on base; Pensacola 1 - Tennessee 0
BOTTOM OF THE 1ST
Tennessee Smokies batting - Pitching for Pensacola Blue Wahoos : LHP Bill Cooksey
Pitching: LHP Bill Cooksey
Batting: SHB Steve DiDomenico 0-0: Called Strike
0-1: Ball
1-1: Bunted foul
1-2: Ball
2-2: DOUBLE (Line Drive, 89D, EV 108.8 MPH)
Batting: RHB Adam Kelliher 0-0: Called Strike
0-1: Foul Ball, location: 2F
0-2: Ball
1-2: Strikes out swinging, 2-3 out at first.
Batting: RHB Heitaro Tanaka 0-0: Called Strike
0-1: Ball
1-1: Called Strike
1-2: Ball
2-2: Strikes out looking
Batting: LHB Brian Newton 0-0: Foul Ball, location: 2F
0-1: Swinging Strike
0-2: Foul Ball, location: 2F
0-2: Fly out, F3 (Flyball, 3D, EV 76.3 MPH)
Bottom of the 1st over - 0 runs, 1 hit, 0 errors, 1 left on base; Pensacola 1 - Tennessee 0
TOP OF THE 2ND
Pensacola Blue Wahoos batting - Pitching for Tennessee Smokies : RHP Rashid bin Ala'
Batting: RHB Steve Anderson 0-0: Ball
1-0: Swinging Strike
1-1: Ball
2-1: Fly out, F8 (Line Drive, 8RM, EV 93.1 MPH)
Pitching: RHP Bob Gilliam
Batting: RHB Felipe Pineda 0-0: Called Strike
0-1: Ball
1-1: Foul Ball, location: 2F
1-2: Fly out, F4 (Popup, 13, EV 80.0 MPH)
Batting: RHB Dave Ruiz 0-0: Called Strike
0-1: Foul Ball, location: 2F
0-2: Strikes out looking
Top of the 2nd over - 0 runs, 0 hits, 0 errors, 0 left on base; Pensacola 1 - Tennessee 0
BOTTOM OF THE 2ND
Tennessee Smokies batting - Pitching for Pensacola Blue Wahoos : LHP Bill Cooksey
Batting: LHB Brent Dutcher 0-0: Called Strike
0-1: Foul Ball, location: 2F
0-2: Ball
1-2: Ground out 6-3 (Groundball, 6, EV 85.6 MPH)
Batting: RHB Nick Kleckner 0-0: Ball
1-0: Ball
2-0: Foul Ball, location: 2F
2-1: Ball
3-1: Called Strike
3-2: Strikes out looking
Batting: RHB Brian Warren 0-0: Foul Ball, location: 2F
0-1: Foul Ball, location: 2F
0-2: Strikes out swinging
Bottom of the 2nd over - 0 runs, 0 hits, 0 errors, 0 left on base; Pensacola 1 - Tennessee 0
TOP OF THE 3RD
Pensacola Blue Wahoos batting - Pitching for Tennessee Smokies : RHP Bob Gilliam
Batting: RHB Jon Conklin 0-0: Called Strike
0-1: Foul Ball, location: 2F
0-2: Foul Ball, location: 2F
0-2: Ball
1-2: Ground out U3 (Groundball, 34S, EV 70.0 MPH)
Batting: RHB Jon Marquez 0-0: Ball
1-0: Foul Ball, location: 2F
1-1: Ball
2-1: Called Strike
2-2: Foul Ball, location: 2F
2-2: Ball
3-2: Fly out, F7 (Flyball, 7LS, EV 83.1 MPH)
Batting: RHB Danny Real 0-0: Called Strike
0-1: Foul Ball, location: 2F
0-2: Foul Ball, location: 2F
0-2: Foul Ball, location: 2F
0-2: Ball
1-2: Ground out U3 (Groundball, 34, EV 103.1 MPH)
Top of the 3rd over - 0 runs, 0 hits, 0 errors, 0 left on base; Pensacola 1 - Tennessee 0
BOTTOM OF THE 3RD
Tennessee Smokies batting - Pitching for Pensacola Blue Wahoos : LHP Bill Cooksey
Batting: RHB John Iddings 0-0: Called Strike
0-1: Foul Ball, location: 2F
0-2: Ball
1-2: Reached on error, E6 (Groundball, 6, EV 87.5 MPH)
Batting: RHB Vij Ramamani 0-0: Called Strike
0-1: Swinging Strike
0-2: Ball
1-2: Ball
2-2: Strikes out looking
Batting: SHB Steve DiDomenico 0-0: Swinging Strike
0-1: Ball
1-1: Swinging Strike
Passed Ball!
John Iddings to third
1-2: Ball
2-2: Reached on error, E6 (Groundball, 6, EV 84.4 MPH)
John Iddings scores
Batting: RHB Adam Kelliher 0-0: Ball
1-0: Called Strike
1-1: Ball
2-1: DOUBLE (Flyball, 89D, EV 100.0 MPH)
Steve DiDomenico to third
Runner from 3rd tries for Home, SAFE, throw by RF to home
Batting: RHB Heitaro Tanaka 0-0: Called Strike
0-1: Ball
1-1: Ball
Wild Pitch!
Adam Kelliher to third
2-1: Reached on error, E5 (Groundball, 56, EV 99.4 MPH)
Adam Kelliher scores
Batting: LHB Brian Newton Pickoff Throw to First - Out! 1-3
0-0: Ball
1-0: Called Strike
1-1: Foul Ball, location: 2F
1-2: Foul Ball, location: 2F
1-2: Ball
2-2: SINGLE (Groundball, 4D, EV 96.3 MPH)
Batting: LHB Brent Dutcher 0-0: Ball
1-0: Called Strike
1-1: Ball
2-1: SINGLE (Line Drive, 56, EV 95.6 MPH)
Brian Newton to second
Batting: RHB Nick Kleckner 0-0: Ball
1-0: Ball
2-0: SINGLE (Groundball, 6MD, EV 98.8 MPH)
Brian Newton to third
Brent Dutcher to second
Runner from 3rd tries for Home, SAFE, throw by CF to home
Batting: RHB Brian Warren 0-0: Fly out, F3 (Popup, 3L, EV 80.0 MPH)
Bottom of the 3rd over - 4 runs, 4 hits, 3 errors, 2 left on base; Pensacola 1 - Tennessee 4
TOP OF THE 4TH
Pensacola Blue Wahoos batting - Pitching for Tennessee Smokies : RHP Bob Gilliam
Batting: RHB Solange Le Coq 0-0: Ball
1-0: Foul Ball, location: 2F
1-1: SOLO HOME RUN (Flyball, 78XD, EV 103.1 MPH), Distance : 417 ft
Batting: LHB Steven Wamble 0-0: Ball
1-0: Ball
2-0: Called Strike
2-1: Ball
3-1: Base on Balls
Pitching: RHP Eric Allen
Batting: RHB Jamie Ingram 0-0: Called Strike
0-1: Swinging Strike
0-2: Ball
1-2: Strikes out swinging
Batting: RHB Steve Anderson 0-0: Swinging Strike
0-1: Ball
Wild Pitch!
Steven Wamble to second
1-1: Foul Ball, location: 2F
1-2: SINGLE (Line Drive, 78S, EV 95.0 MPH)
Steven Wamble to third
Batting: RHB Felipe Pineda 0-0: Ball
1-0: Swinging Strike
1-1: Ball
2-1: Swinging Strike
2-2: Strikes out swinging
Batting: RHB Dave Ruiz 0-0: Called Strike
0-1: Called Strike
0-2: Ground out 1-3 (Groundball, 13, EV 67.5 MPH)
Top of the 4th over - 1 run, 2 hits, 0 errors, 2 left on base; Pensacola 2 - Tennessee 4
BOTTOM OF THE 4TH
Tennessee Smokies batting - Pitching for Pensacola Blue Wahoos : LHP Bill Cooksey
Batting: RHB John Iddings 0-0: Ball
1-0: Ball
2-0: Swinging Strike
2-1: Ground out 5-3 (Groundball, 5S, EV 69.4 MPH)
Batting: RHB Vij Ramamani 0-0: Ball
1-0: Ball
2-0: Ball
3-0: Base on Balls
Batting: SHB Steve DiDomenico 0-0: Swinging Strike
0-1: Ball
1-1: Ball
2-1: SINGLE (Flyball, 6MD, EV 88.8 MPH)
Vij Ramamani to second
Batting: RHB Adam Kelliher 0-0: SINGLE (Groundball, P, EV 86.3 MPH) (infield hit)
Vij Ramamani to third
Steve DiDomenico to second
Batting: RHB Heitaro Tanaka 0-0: Ball
1-0: Swinging Strike
1-1: Ball
2-1: Foul Ball, location: 2F
2-2: Fly out, F8 (Flyball, 8RS, EV 89.4 MPH)
Batting: LHB Brian Newton 0-0: Ball
1-0: Foul Ball, location: 2F
1-1: Ball
2-1: Ball
3-1: Called Strike
3-2: Base on Balls
Vij Ramamani scores
Steve DiDomenico to third
Adam Kelliher to second
Pitching: LHP Brian Whittall
Batting: LHB Brent Dutcher 0-0: Called Strike
0-1: Foul Ball, location: 2F
0-2: Ball
1-2: Ball
2-2: Ball
3-2: Ground out U3 (Groundball, 3, EV 89.4 MPH)
Bottom of the 4th over - 1 run, 2 hits, 0 errors, 3 left on base; Pensacola 2 - Tennessee 5
TOP OF THE 5TH
Pensacola Blue Wahoos batting - Pitching for Tennessee Smokies : RHP Eric Allen
Batting: RHB Jon Conklin 0-0: Foul Ball, location: 2F
0-1: Called Strike
0-2: Foul Ball, location: 2F
0-2: Foul Ball, location: 2F
0-2: Ball
1-2: Strikes out swinging
Pitching: LHP Mike Alexander
Batting: RHB Jon Marquez 0-0: Called Strike
0-1: Ground out U3 (Groundball, 3, EV 88.1 MPH)
Batting: RHB Danny Real 0-0: TRIPLE (Flyball, 7LD, EV 93.1 MPH)
Batting: RHB Solange Le Coq 0-0: Ball
1-0: Ball
2-0: Foul Ball, location: 2F
2-1: Foul Ball, location: 2F
2-2: Ball
3-2: Base on Balls
Batting: LHB Steven Wamble 0-0: Called Strike
0-1: 3-RUN HOME RUN (Flyball, 9LD, EV 92.5 MPH), Distance : 329 ft
Batting: RHB Jamie Ingram 0-0: Foul Ball, location: 2F
0-1: Ground out 6-3 (Groundball, 56, EV 101.9 MPH)
Top of the 5th over - 3 runs, 2 hits, 0 errors, 0 left on base; Pensacola 5 - Tennessee 5
BOTTOM OF THE 5TH
Tennessee Smokies batting - Pitching for Pensacola Blue Wahoos : LHP Brian Whittall
Batting: RHB Nick Kleckner 0-0: Called Strike
0-1: Ground out 5-3 (Groundball, 56S, EV 72.5 MPH)
Batting: RHB Brian Warren 0-0: Ball
1-0: Foul Ball, location: 2F
1-1: Foul Ball, location: 2F
1-2: Ball
2-2: Strikes out swinging
Batting: RHB John Iddings 0-0: Ball
1-0: Foul Ball, location: 2F
1-1: Ball
2-1: Ball
3-1: SINGLE (Groundball, 56D, EV 106.3 MPH)
Batting: RHB Vij Ramamani 0-0: Ball
1-0: Called Strike
1-1: Fielders Choice at 2nd, 6-4 (Groundball, 6, EV 78.8 MPH)
Bottom of the 5th over - 0 runs, 1 hit, 0 errors, 1 left on base; Pensacola 5 - Tennessee 5
TOP OF THE 6TH
Pensacola Blue Wahoos batting - Pitching for Tennessee Smokies : LHP Mike Alexander
Batting: RHB Steve Anderson 0-0: Fly out, F8 (Flyball, 89D, EV 82.5 MPH)
Batting: RHB Felipe Pineda 0-0: Ball
1-0: Foul Ball, location: 2F
1-1: Reached on error, E6 (Groundball, 6, EV 88.8 MPH)
Batting: RHB Dave Ruiz 0-0: Ball
1-0: Ball
2-0: Ball
3-0: Base on Balls
Felipe Pineda to second
Pitching: LHP Jose Carrillo
Batting: RHB Jon Conklin 0-0: Ball
1-0: Swinging Strike
1-1: Ball
2-1: Fly out, F9 (Flyball, 9D, EV 103.1 MPH)
Runner from 2nd tags up, SAFE at 3rd, no throw by RF
Batting: RHB Jon Marquez 0-0: Ball
1-0: Called Strike
1-1: Foul Ball, location: 2F
1-2: Strikes out swinging
Top of the 6th over - 0 runs, 0 hits, 1 error, 2 left on base; Pensacola 5 - Tennessee 5
BOTTOM OF THE 6TH
Tennessee Smokies batting - Pitching for Pensacola Blue Wahoos : LHP Brian Whittall
Batting: SHB Steve DiDomenico 0-0: Swinging Strike
0-1: Bunted foul
0-2: Foul Ball, location: 2F
0-2: Foul Ball, location: 2F
0-2: Ball
1-2: Ball
2-2: Ball
3-2: Strikes out swinging
Batting: RHB Adam Kelliher 0-0: Reached on error, E5 (Groundball, 56S, EV 61.9 MPH)
Batting: RHB Heitaro Tanaka 0-0: Intentional Walk
Batting: LHB Brian Newton 0-0: Grounds into double play, 4-6-3 (Groundball, 4, EV 88.8 MPH)
Bottom of the 6th over - 0 runs, 0 hits, 1 error, 1 left on base; Pensacola 5 - Tennessee 5
TOP OF THE 7TH
Pensacola Blue Wahoos batting - Pitching for Tennessee Smokies : LHP Jose Carrillo
Batting: RHB Danny Real 0-0: Ball
1-0: Ground out 4-3 (Groundball, 4, EV 85.0 MPH)
Batting: RHB Solange Le Coq 0-0: Ball
1-0: Fly out, F7 (Line Drive, 7, EV 99.4 MPH)
Batting: LHB Steven Wamble 0-0: Ball
1-0: Ball
2-0: Called Strike
2-1: Ground out 6-3 (Groundball, 6MD, EV 103.1 MPH)
Top of the 7th over - 0 runs, 0 hits, 0 errors, 0 left on base; Pensacola 5 - Tennessee 5
BOTTOM OF THE 7TH
Tennessee Smokies batting - Pitching for Pensacola Blue Wahoos : LHP Brian Whittall
Pitching: LHP Mario Arango
Batting: LHB Brent Dutcher 0-0: Ball
1-0: Fly out, F3 (Popup, 3SF, EV 71.9 MPH)
Batting: RHB Nick Kleckner 0-0: Foul Ball, location: 2F
0-1: Foul Ball, location: 2F
0-2: Reached on error, E6 (Groundball, 6, EV 93.8 MPH)
Batting: RHB Brian Warren 0-0: Foul Ball, location: 2F
0-1: Foul Ball, location: 2F
0-2: SINGLE (Line Drive, 8LS, EV 98.8 MPH)
Nick Kleckner to second
Batting: RHB John Iddings 0-0: Ball
1-0: Foul Ball, location: 2F
1-1: SINGLE (Groundball, 56, EV 97.5 MPH)
Nick Kleckner to third
Brian Warren to second
Batting: RHB Vij Ramamani 0-0: Foul Ball, location: 2F
0-1: Ball
1-1: Ball
2-1: Grounds into double play, 4-2-3 (Groundball, 4, EV 76.3 MPH)
Bottom of the 7th over - 0 runs, 2 hits, 1 error, 2 left on base; Pensacola 5 - Tennessee 5
TOP OF THE 8TH
Pensacola Blue Wahoos batting - Pitching for Tennessee Smokies : LHP Jose Carrillo
Pitching: LHP Nate George
Batting: RHB Jamie Ingram 0-0: Ball
1-0: Ball
2-0: Called Strike
2-1: Ball
3-1: Base on Balls
Batting: RHB Steve Anderson 0-0: Ball
1-0: Ball
2-0: Foul Ball, location: 2F
2-1: Ball
3-1: Base on Balls
Jamie Ingram to second
Pinch Runner at 2nd Kagetoki Kawai:
Batting: RHB Felipe Pineda 0-0: Ball
1-0: Ball
2-0: Bunted foul
2-1: Bunt missed!
2-2: Ball
3-2: Ground out 5-3 (Groundball, 56S, EV 87.5 MPH)
Kagetoki Kawai to third
Steve Anderson to second
Batting: RHB Dave Ruiz 0-0: Intentional Walk
Batting: RHB Jon Conklin 0-0: Called Strike
0-1: Ball
1-1: Ball
2-1: Ball
Wild Pitch!
Kagetoki Kawai scores
Steve Anderson to third
Dave Ruiz to second
3-1: Base on Balls
Batting: RHB Jon Marquez 0-0: Called Strike
0-1: Ball
1-1: Called Strike
1-2: Ball
2-2: Strikes out looking
Batting: RHB Danny Real 0-0: Called Strike
0-1: Foul Ball, location: 2F
0-2: Ball
1-2: Foul Ball, location: 2F
1-2: Ball
2-2: Fielders Choice at 2nd, 4-6 (Groundball, 4MD, EV 107.5 MPH)
Top of the 8th over - 1 run, 0 hits, 0 errors, 3 left on base; Pensacola 6 - Tennessee 5
BOTTOM OF THE 8TH
Tennessee Smokies batting - Pitching for Pensacola Blue Wahoos : LHP Mario Arango
Batting: SHB Steve DiDomenico 0-0: Ball
1-0: Ball
2-0: Ball
3-0: Called Strike
3-1: Foul Ball, location: 2F
3-2: Base on Balls
Batting: RHB Adam Kelliher 0-0: Bunt - Flyout to 23! F3
Batting: RHB Heitaro Tanaka 0-0: Ball
1-0: Called Strike
1-1: Swinging Strike
1-2: Strikes out swinging
Pinch Hitting: RHB Bobby Gray 0-0: Swinging Strike
0-1: Swinging Strike
0-2: Ball
1-2: Foul Ball, location: 2F
1-2: Foul Ball, location: 2F
1-2: Foul Ball, location: 2F
1-2: Strikes out swinging
Bottom of the 8th over - 0 runs, 0 hits, 0 errors, 1 left on base; Pensacola 6 - Tennessee 5
TOP OF THE 9TH
Pensacola Blue Wahoos batting - Pitching for Tennessee Smokies : LHP Nate George
Now in RF: Bobby Gray
Batting: RHB Solange Le Coq 0-0: Ball
1-0: Foul Ball, location: 2F
1-1: Called Strike
1-2: Foul Ball, location: 2F
1-2: Ball
2-2: Foul Ball, location: 2F
2-2: Ball
3-2: Foul Ball, location: 2F
3-2: SINGLE (Groundball, 56S, EV 75.0 MPH) (infield hit)
Batting: LHB Steven Wamble 0-0: Ball
Solange Le Coq steals 2nd base
1-0: Ball
2-0: Called Strike
2-1: Called Strike
2-2: Ball
3-2: Foul Ball, location: 2F
3-2: Base on Balls
Batting: RHB Kagetoki Kawai 0-0: Called Strike
0-1: Foul Ball, location: 2F
0-2: Ball
1-2: Ball
2-2: SINGLE (Groundball, 6MD, EV 102.5 MPH)
Solange Le Coq to third
Steven Wamble to second
Throwing error, E8
Solange Le Coq scores
Steven Wamble to third
Kagetoki Kawai to second
Batting: RHB Steve Anderson 0-0: Intentional Walk
Batting: RHB Felipe Pineda 0-0: Ball
1-0: SINGLE (Groundball, 6MD, EV 104.4 MPH)
Steven Wamble scores
Kagetoki Kawai to third
Steve Anderson to second
Throwing error, E8
Kagetoki Kawai scores
Steve Anderson to third
Felipe Pineda to second
Batting: RHB Dave Ruiz 0-0: Ball
1-0: SINGLE (Groundball, 6MD, EV 100.6 MPH)
Steve Anderson scores
Felipe Pineda to third
Batting: RHB Jon Conklin 0-0: Called Strike
0-1: Ball
1-1: Ball
2-1: 3-RUN HOME RUN (Flyball, 7D, EV 101.9 MPH), Distance : 393 ft
Pitching: RHP Alvaro Andrade
Batting: RHB Jon Marquez 0-0: Ball
1-0: Fly out, F9 (Flyball, 89M, EV 88.8 MPH)
Batting: RHB Danny Real 0-0: Ball
1-0: Ball
2-0: Fly out, F8 (Flyball, 89D, EV 96.3 MPH)
Batting: RHB Solange Le Coq 0-0: Ball
1-0: Swinging Strike
1-1: Ball
2-1: Swinging Strike
2-2: Ball
3-2: Base on Balls
Batting: LHB Steven Wamble 0-0: Ball
1-0: Ball
2-0: SINGLE (Flyball, 78S, EV 90.0 MPH)
Solange Le Coq to second
Batting: RHB Kagetoki Kawai 0-0: Called Strike
0-1: Ball
1-1: SINGLE (Groundball, 56, EV 102.5 MPH) (infield hit)
Solange Le Coq to third
Steven Wamble to second
Batting: RHB Steve Anderson 0-0: Called Strike
0-1: Ground out 5-3 (Groundball, 56S, EV 83.8 MPH)
Top of the 9th over - 7 runs, 7 hits, 2 errors, 3 left on base; Pensacola 13 - Tennessee 5
BOTTOM OF THE 9TH
Tennessee Smokies batting - Pitching for Pensacola Blue Wahoos : LHP Mario Arango
Batting: LHB Brent Dutcher 0-0: Ball
1-0: Called Strike
1-1: Foul Ball, location: 2F
1-2: Ball
2-2: Ball
3-2: Foul Ball, location: 2F
3-2: Foul Ball, location: 2F
3-2: Base on Balls
Batting: RHB Nick Kleckner 0-0: Ball
1-0: Grounds into double play, 6-4-3 (Groundball, 6, EV 91.3 MPH)
Pinch Hitting: RHB Chris Rosinsky 0-0: Ball
1-0: Foul Ball, location: 2F
1-1: Ground out 6-3 (Groundball, 56, EV 82.5 MPH)
Bottom of the 9th over - 0 runs, 0 hits, 0 errors, 0 left on base; Pensacola 13 - Tennessee 5
Wednesday, June 22nd , 2022 - OOTP Baseball 23.4 Build 64